Icehogs vs Devils

Created - June 12, 2022 at 07:25

Goals
1 2 3 T
Icehogs 2 2 1 5
Devils 2 0 1 3
Shots
1 2 3 T
Icehogs 12 10 9 31
Devils 14 9 3 26

1st period

1. Icehogs , Kevin Fiala 8 (Julius Honka 7, Tanner Richard 32) at 3:29
2. Devils , Alan Quine 37 (Joonas Donskoi 45, Ilya Lyubushkin 5) at 6:23 (PP)
3. Devils , Sam Bennett 34 (Logan Shaw 61) at 6:45
4. Icehogs , Frederik Gauthier 32 (Duncan Siemens 6, Joe Cannata) at 14:11

Penalties :
Mike Reilly (Roc) for Slashing (Minor) at 5:12, Craig Cunningham (Roc) for Hooking (Minor) at 8:33, Patrick Sieloff (Roc) for Holding (Minor) at 15:12

2nd period

5. Icehogs , Tanner Richard 28 (Mike Amadio 31, Mike Reilly 20) at 8:12
6. Icehogs , Curtis Lazar 26 (Dillon Dube 8) at 15:28

Penalties :
Andrew Mangiapane (Roc) for Roughing (Minor) at 0:37, Dillon Dube (Roc) for High sticking (Minor) at 19:14

3rd period

7. Icehogs , Andrew Mangiapane 20 (Tanner Richard 33, Nick Mattson 23) at 1:42
8. Devils , Darren Dietz 8 (Brandon Carlo 41, Alan Quine 28) at 7:06 (PP)

Penalties :
Joonas Donskoi (Bin) for Tripping (Minor) at 2:11, Mike Reilly (Roc) for Hooking (Minor) at 6:30, Craig Cunningham (Roc) for Hooking (Minor) at 7:17, Petter Granberg (Roc) for Roughing (Double Minor) at 7:59

Goalie Stats

Joe Cannata (Roc), 23 saves from 26 shots - (0.885), W, 32-21-3, 60:00 minutes
Calvin Pickard (Bin), 18 saves from 23 shots - (0.783), L, 27-26-4, 41:42 minutes
Juuse Saros (Bin), 8 saves from 8 shots - (1.000), 18:18 minutes

Players Stats for Icehogs

Player Name              G  A  P  +/- PIM S  H  SB GA TA FO     MP     PP MP  PK MP  
------------------------------------------------------------------------------------
Andrew Mangiapane        1  0  1   2  2   3  0  0  0  0  0/0    18:55   0:38   4:02 
Craig Cunningham         0  0  0  -1  4   2  2  0  0  1  0/0    21:27   1:21   5:54 
Curtis Lazar             1  0  1   1  0   5  1  0  0  0  0/1    13:34   0:38   0:07 
Dillon Dube              0  1  1   1  2   0  0  0  1  0  1/2     6:42   0:00   0:00 
Duncan Siemens           0  1  1   3  0   0  1  1  0  0  0/0    13:33   0:00   2:49 
Frederik Gauthier        1  0  1  -1  0   5  0  0  0  2  18/37  23:26   1:21   8:04 
Julius Honka             0  1  1   3  0   2  0  1  0  0  0/0    13:37   0:00   1:34 
Kevin Fiala              1  0  1   3  0   1  2  0  0  0  1/2     9:19   0:00   0:00 
Mattias Janmark          0  0  0   0  0   3  1  0  0  1  0/0     7:54   0:00   1:06 
Michael Chaput           0  0  0   1  0   4  2  0  0  1  3/15   19:21   0:38   4:59 
Mike Amadio              0  1  1  -1  0   0  0  0  0  1  0/0    14:49   1:21   0:00 
Mike Reilly              0  1  1   1  4   0  0  2  2  0  0/0    20:43   1:11   4:10 
Mikhail Grigorenko       0  0  0   3  0   0  1  0  1  0  0/0     8:29   0:00   0:00 
Nick Mattson             0  1  1   0  0   0  2  2  0  3  0/0    26:54   0:48   8:37 
Nikita Scherbak          0  0  0   0  0   0  1  0  0  1  0/0     6:14   0:00   0:00 
Patrick Sieloff          0  0  0   1  2   2  1  1  0  0  0/0    20:24   1:11   4:43 
Petter Granberg          0  0  0   0  4   1  2  1  0  4  0/0    25:51   0:48   6:47 
Tanner Richard           1  2  3   4  0   3  1  0  0  0  2/3    12:59   0:00   3:26 

Players Stats for Devils

Player Name              G  A  P  +/- PIM S  H  SB GA TA FO     MP     PP MP  PK MP  
------------------------------------------------------------------------------------
Alan Quine               1  1  2  -2  0   4  1  0  0  0  5/9    18:10   5:38   0:32 
Ben Hutton               0  0  0  -1  0   0  0  0  1  1  0/0    26:37   8:00   1:08 
Brandon Carlo            0  1  1  -1  0   1  0  0  1  0  0/0    26:37   8:00   1:08 
Brett Howden             0  0  0  -2  0   1  0  0  0  1  0/1     6:56   0:00   0:00 
Brett Seney              0  0  0  -1  0   1  0  0  0  0  0/0    10:04   0:54   0:00 
Christian Wolanin        0  0  0   0  0   1  0  0  0  0  0/0     9:44   0:34   0:00 
Conor Garland            0  0  0  -1  0   0  1  0  1  0  0/0    10:03   0:55   0:00 
Darren Dietz             1  0  1  -1  0   2  1  1  1  1  0/0    18:42   5:50   0:51 
Ilya Lyubushkin          0  1  1  -1  0   0  3  0  0  1  0/0    18:42   5:50   0:51 
Jake Bean                0  0  0  -2  0   0  0  0  0  0  0/0     4:57   0:00   0:00 
Jonny Brodzinski         0  0  0  -2  0   2  0  0  1  0  0/0     7:07   0:08   0:00 
Joonas Donskoi           0  1  1  -2  2   2  0  0  1  0  0/0    17:17   5:36   0:00 
Logan Shaw               0  1  1   1  0   5  2  0  4  0  0/3    23:18   7:45   0:00 
Mason Marchment          0  0  0  -2  0   0  1  0  1  0  0/0     6:56   0:00   0:00 
Reid Boucher             0  0  0  -1  0   0  0  0  0  0  2/4    10:24   1:01   0:00 
Robbie Russo             0  0  0   0  0   0  1  0  0  0  0/0     9:44   0:34   0:00 
Sam Bennett              1  0  1   1  0   3  2  1  2  0  28/41  24:45   7:45   1:27 
Sven Baertschi           0  0  0   1  0   3  3  1  1  0  0/1    24:58   7:53   1:27 
Valeri Nichushkin        0  0  0  -2  0   1  3  0  0  0  0/1    18:02   5:37   0:32 
Vincent Desharnais       0  0  0  -2  0   0  0  0  0  0  0/0     4:57   0:00   0:00 

3 Stars

1 - Tanner Richard (Roc)
2 - Kevin Fiala (Roc)
3 - Duncan Siemens (Roc)

Power Play

Icehogs - 0 on 1 Attempt(s) - 0.00%
Devils - 2 on 9 Attempt(s) - 22.22%

Penalty Kill

Icehogs - 7 on 9 Attempt(s) - 77.78% - Score 0 goal in Penalty Kill
Devils - 1 on 1 Attempt(s) - 100.00% - Score 0 goal in Penalty Kill

Team Stat

Icehogs - Hits : 17 - Faceoff Wins : 25 - Blocked Shots : 8 - Penalty Minutes : 18
Devils - Hits : 18 - Faceoff Wins : 35 - Blocked Shots : 3 - Penalty Minutes : 2

Official

Referees : Steve Kozari and Dan Kelly
Linesman : Michel Cormier and Greg Devorski

Game Notes

Juuse Saros enters game at 1:42 of 3rd period

Finance

Level 1 -- Attendance: 1712 (85.60%) -- Ticket Income $59,920
Level 2 -- Attendance: 998 (99.80%) -- Ticket Income $14,970
Total Attendance: 2710 (90.33%)
Total Ticket Income: $74,890
Other Income: $3,744
Total Income: $78,634

Icehogs

5 vs 5 Forward 
   Center                   Left Wing                Right Wing               Time % Phy DF OF 
 1 Frederik Gauthier        Craig Cunningham         Mike Amadio              40     1   2  2  
 2 Michael Chaput           Andrew Mangiapane        Curtis Lazar             30     1   2  2  
 3 Tanner Richard           Mikhail Grigorenko       Kevin Fiala              20     1   2  2  
 4 Dillon Dube              Mattias Janmark          Nikita Scherbak          10     1   2  2  

5 vs 5 Defense 
   Defense                  Defense                                           Time % Phy DF OF 
 1 Petter Granberg          Nick Mattson                                      40     1   2  2  
 2 Mike Reilly              Patrick Sieloff                                   30     1   2  2  
 3 Duncan Siemens           Julius Honka                                      20     1   2  2  
 4 Petter Granberg          Nick Mattson                                      10     1   2  2  

PowerPlay Forward 
   Center                   Left Wing                Right Wing               Time % Phy DF OF 
 1 Frederik Gauthier        Craig Cunningham         Mike Amadio              60     1   2  2  
 2 Michael Chaput           Andrew Mangiapane        Curtis Lazar             40     1   2  2  

PowerPlay Defense
   Defense                  Defense                                           Time % Phy DF OF 
 1 Petter Granberg          Nick Mattson                                      60     1   2  2  
 2 Mike Reilly              Patrick Sieloff                                   40     1   2  2  

Penalty Kill 4 Players Forward 
   Center                   Wing                     Time % Phy DF OF 
 1 Frederik Gauthier        Craig Cunningham         60     1   2  2  
 2 Michael Chaput           Andrew Mangiapane        40     1   2  2  

Penalty Kill 4 Players Defense
   Defense                  Defense                  Time % Phy DF OF 
 1 Petter Granberg          Nick Mattson             60     1   2  2  
 2 Mike Reilly              Patrick Sieloff          40     1   2  2  

Penalty Kill - 3 Players Forward 
   Forward                                           Time % Phy DF OF 
 1 Frederik Gauthier                                 60     1   2  2  
 2 Michael Chaput                                    40     1   2  2  

Penalty Kill - 3 Players Defense
   Defense                  Defense                  Time % Phy DF OF 
 1 Petter Granberg          Nick Mattson             60     1   2  2  
 2 Mike Reilly              Patrick Sieloff          40     1   2  2  

4 vs 4 Forward 
   Center                   Wing                     Time % Phy DF OF 
 1 Frederik Gauthier        Craig Cunningham         60     1   2  2  
 2 Michael Chaput           Andrew Mangiapane        40     1   2  2  

4 vs 4 Defense
   Defense                  Defense                  Time % Phy DF OF 
 1 Petter Granberg          Nick Mattson             60     1   2  2  
 2 Mike Reilly              Patrick Sieloff          40     1   2  2  

Last Minutes Offensive
   Center                   Left Wing                Right Wing               Defense                  Defense                  
   Frederik Gauthier        Craig Cunningham         Mike Amadio              Petter Granberg          Nick Mattson             

Last Minutes Defensive
   Center                   Left Wing                Right Wing               Defense                  Defense                  
   Frederik Gauthier        Craig Cunningham         Mike Amadio              Petter Granberg          Nick Mattson             

Goaltenders
Starting : Joe Cannata              
Backup : Mackenzie Blackwood      

Extra Forwards
Normal : Tanner Richard, Andrew Mangiapane, Curtis Lazar - PP : Tanner Richard, Andrew Mangiapane - PK : Tanner Richard
Extra Defensemen
Normal : Patrick Sieloff, Duncan Siemens, Julius Honka - PP : Patrick Sieloff - PK : Patrick Sieloff, Duncan Siemens
Penalty Shots
Frederik Gauthier, Mike Amadio, Craig Cunningham, Michael Chaput, Tanner Richard

Scratches
Ben Harpur (Torso Injury), Calle Andersson (Healthy), Clark Bishop (Healthy), JJ. Piccinich (Healthy), Kurtis Gabriel (Healthy)
Myles Bell (Healthy), Nick Paul (Healthy), Patrick Russell (Healthy), Ross Johnston (Healthy), Zach Whitecloud (Healthy)
Jeremy Davies (Healthy), Jackson Cates (Healthy), Michael Giugovaz (Healthy), Jack LaFontaine (Healthy)

Devils

5 vs 5 Forward 
   Center                   Left Wing                Right Wing               Time % Phy DF OF 
 1 Sam Bennett              Sven Baertschi           Logan Shaw               40     0   2  3  
 2 Alan Quine               Valeri Nichushkin        Joonas Donskoi           30     0   2  3  
 3 Reid Boucher             Brett Seney              Conor Garland            20     0   2  3  
 4 Brett Howden             Mason Marchment          Jonny Brodzinski         10     0   2  3  

5 vs 5 Defense 
   Defense                  Defense                                           Time % Phy DF OF 
 1 Brandon Carlo            Ben Hutton                                        40     0   3  2  
 2 Darren Dietz             Ilya Lyubushkin                                   30     0   3  2  
 3 Robbie Russo             Christian Wolanin                                 20     0   3  2  
 4 Jake Bean                Vincent Desharnais                                10     0   3  2  

PowerPlay Forward 
   Center                   Left Wing                Right Wing               Time % Phy DF OF 
 1 Sam Bennett              Sven Baertschi           Logan Shaw               60     1   0  4  
 2 Alan Quine               Valeri Nichushkin        Joonas Donskoi           40     1   0  4  

PowerPlay Defense
   Defense                  Defense                                           Time % Phy DF OF 
 1 Brandon Carlo            Ben Hutton                                        60     0   2  3  
 2 Darren Dietz             Ilya Lyubushkin                                   40     0   2  3  

Penalty Kill 4 Players Forward 
   Center                   Wing                     Time % Phy DF OF 
 1 Sam Bennett              Sven Baertschi           60     1   3  1  
 2 Alan Quine               Valeri Nichushkin        40     1   3  1  

Penalty Kill 4 Players Defense
   Defense                  Defense                  Time % Phy DF OF 
 1 Brandon Carlo            Ben Hutton               60     1   4  0  
 2 Darren Dietz             Ilya Lyubushkin          40     1   4  0  

Penalty Kill - 3 Players Forward 
   Forward                                           Time % Phy DF OF 
 1 Sam Bennett                                       60     1   4  0  
 2 Alan Quine                                        40     1   4  0  

Penalty Kill - 3 Players Defense
   Defense                  Defense                  Time % Phy DF OF 
 1 Brandon Carlo            Ben Hutton               60     1   4  0  
 2 Darren Dietz             Ilya Lyubushkin          40     1   4  0  

4 vs 4 Forward 
   Center                   Wing                     Time % Phy DF OF 
 1 Sam Bennett              Sven Baertschi           60     0   2  3  
 2 Alan Quine               Valeri Nichushkin        40     0   2  3  

4 vs 4 Defense
   Defense                  Defense                  Time % Phy DF OF 
 1 Brandon Carlo            Ben Hutton               60     0   3  2  
 2 Darren Dietz             Ilya Lyubushkin          40     0   3  2  

Last Minutes Offensive
   Center                   Left Wing                Right Wing               Defense                  Defense                  
   Sam Bennett              Sven Baertschi           Logan Shaw               Brandon Carlo            Ben Hutton               

Last Minutes Defensive
   Center                   Left Wing                Right Wing               Defense                  Defense                  
   Sam Bennett              Sven Baertschi           Logan Shaw               Brandon Carlo            Ben Hutton               

Goaltenders
Starting : Calvin Pickard           
Backup : Juuse Saros              

Extra Forwards
Normal : Valeri Nichushkin, Alan Quine, Reid Boucher - PP : Valeri Nichushkin, Alan Quine - PK : Valeri Nichushkin
Extra Defensemen
Normal : Christian Wolanin, Jake Bean, Vincent Desharnais - PP : Christian Wolanin - PK : Christian Wolanin, Jake Bean
Penalty Shots
Logan Shaw, Sven Baertschi, Sam Bennett, Joonas Donskoi, Valeri Nichushkin

Scratches
Cristiano Digiacinto (Healthy), Dalton Thrower (Left Hip Injury)

% Time on Ice - Icehogs

Lines # - Real PCT - Wanted PCT - Time Play
Normal Forward
1 - 33% - 40% - 14:30
2 - 33% - 30% - 14:24
3 - 19% - 20% - 8:29
4 - 14% - 10% - 6:14
Normal Defense
1 - 40% - 40% - 17:33
2 - 33% - 30% - 14:31
3 - 25% - 20% - 10:44
4 - 2% - 10% - 0:49
PP Forward
1 - 68% - 60% - 1:21
2 - 32% - 40% - 0:38
PP Defense
1 - 40% - 60% - 0:48
2 - 60% - 40% - 1:11
PK Forward
1 - 72% - 60% - 9:25
2 - 28% - 40% - 3:42
PK Defense
1 - 70% - 60% - 9:11
2 - 30% - 40% - 3:56
PK3 Forward
1 - 84% - 60% - 1:05
2 - 16% - 40% - 0:12
PK3 Defense
1 - 100% - 60% - 1:17
2 - 0% - 40% - 0:00
44 Forward
1 - 0% - 60%
2 - 0% - 40%
44 Defense
1 - 0% - 60%
2 - 0% - 40%
Last Minute Offensive  - 0:00
Last Minute Defensive  - 0:00
Total
Forward - 60:00
Defense - 60:00

% Time on Ice - Devils

Lines # - Real PCT - Wanted PCT - Time Play
Normal Forward
1 - 37% - 40% - 16:13
2 - 27% - 30% - 11:59
3 - 19% - 20% - 8:29
4 - 16% - 10% - 6:56
Normal Defense
1 - 40% - 40% - 17:29
2 - 28% - 30% - 12:01
3 - 21% - 20% - 9:10
4 - 11% - 10% - 4:57
PP Forward
1 - 59% - 60% - 8:33
2 - 41% - 40% - 5:51
PP Defense
1 - 59% - 60% - 8:34
2 - 41% - 40% - 5:50
PK Forward
1 - 73% - 60% - 1:27
2 - 27% - 40% - 0:32
PK Defense
1 - 57% - 60% - 1:08
2 - 43% - 40% - 0:51
PK3 Forward
1 - 0% - 60%
2 - 0% - 40%
PK3 Defense
1 - 0% - 60%
2 - 0% - 40%
44 Forward
1 - 0% - 60%
2 - 0% - 40%
44 Defense
1 - 0% - 60%
2 - 0% - 40%
Last Minute Offensive  - 0:00
Last Minute Defensive  - 0:00
Total
Forward - 60:00
Defense - 60:00

Play-by-Play

1st period


0:01 of 1st period - Frederik Gauthier wins face-off versus Logan Shaw in neutral zone.
0:10 of 1st period - Wrist shot by Craig Cunningham.
0:10 of 1st period - Shot Misses the Net.
0:26 of 1st period - Frederik Gauthier is hit by Conor Garland.
0:40 of 1st period - Icing by Ben Hutton.
0:41 of 1st period - Michael Chaput wins face-off versus Reid Boucher in Devils zone.
1:06 of 1st period - Brandon Carlo is hit by Kevin Fiala and loses puck.
1:32 of 1st period - Sam Bennett is hit by Petter Granberg and loses puck.
1:51 of 1st period - Snap shot by Michael Chaput.
1:51 of 1st period - Stopped by Calvin Pickard with a rebound.
2:37 of 1st period - Nick Mattson is hit by Ilya Lyubushkin and loses puck.
2:58 of 1st period - Robbie Russo is hit by Petter Granberg and loses puck.
3:25 of 1st period - Snap shot by Tanner Richard.
3:25 of 1st period - Stopped by Calvin Pickard with a rebound.
3:27 of 1st period - Slapshot by Julius Honka.
3:27 of 1st period - Stopped by Calvin Pickard with a rebound.
3:29 of 1st period - Snap shot by Kevin Fiala.
3:29 of 1st period - Goal by Kevin Fiala - Icehogs : 1 - Devils : 0.
3:30 of 1st period - Sam Bennett wins face-off versus Michael Chaput in neutral zone.
3:33 of 1st period - Petter Granberg is hit by Sam Bennett and loses puck.
4:06 of 1st period - Wrist shot by Tanner Richard.
4:06 of 1st period - Stopped by Calvin Pickard with a rebound.
4:08 of 1st period - Slapshot by Nick Mattson.
4:08 of 1st period - Shot Blocked by Darren Dietz.
4:10 of 1st period - Snap shot by Tanner Richard.
4:10 of 1st period - Shot Misses the Net.
4:40 of 1st period - Jonny Brodzinski is hit by Mattias Janmark and loses puck.
4:50 of 1st period - Slapshot by Jonny Brodzinski.
4:50 of 1st period - Stopped by Joe Cannata without a rebound.
4:51 of 1st period - Sam Bennett wins face-off versus Michael Chaput in Icehogs zone.
5:00 of 1st period - Wrist shot by Sven Baertschi.
5:00 of 1st period - Stopped by Joe Cannata with a rebound.
5:12 of 1st period - Minor Penalty to Mike Reilly for Slashing.
5:13 of 1st period - Sam Bennett wins face-off versus Frederik Gauthier in Icehogs zone.
5:38 of 1st period - Petter Granberg is hit by Valeri Nichushkin and loses puck.
5:45 of 1st period - Wrist shot by Joonas Donskoi.
5:45 of 1st period - Stopped by Joe Cannata with a rebound.
5:49 of 1st period - Slapshot by Alan Quine.
5:49 of 1st period - Stopped by Joe Cannata without a rebound.
5:50 of 1st period - Sam Bennett wins face-off versus Michael Chaput in Icehogs zone.
6:23 of 1st period - Wrist shot by Alan Quine.
6:23 of 1st period - Goal by Alan Quine - Icehogs : 1 - Devils : 1.
6:24 of 1st period - Sam Bennett wins face-off versus Frederik Gauthier in neutral zone.
6:35 of 1st period - Snap shot by Frederik Gauthier.
6:35 of 1st period - Stopped by Calvin Pickard without a rebound.
6:36 of 1st period - Frederik Gauthier wins face-off versus Sam Bennett in Devils zone.
6:45 of 1st period - Wrist shot by Logan Shaw.
6:45 of 1st period - Deflect By Sam Bennett.
6:45 of 1st period - Goal by Sam Bennett - Icehogs : 1 - Devils : 2.
6:46 of 1st period - Frederik Gauthier wins face-off versus Alan Quine in neutral zone.
7:24 of 1st period - Snap shot by Logan Shaw.
7:24 of 1st period - Stopped by Joe Cannata with a rebound.
7:26 of 1st period - Wrist shot by Sam Bennett.
7:26 of 1st period - Stopped by Joe Cannata with a rebound.
7:38 of 1st period - Wrist shot by Jonny Brodzinski.
7:38 of 1st period - Stopped by Joe Cannata with a rebound.
7:40 of 1st period - Backhand shot by Brett Howden.
7:40 of 1st period - Stopped by Joe Cannata with a rebound.
7:48 of 1st period - Slapshot by Darren Dietz.
7:48 of 1st period - Stopped by Joe Cannata without a rebound.
7:49 of 1st period - Frederik Gauthier wins face-off versus Sam Bennett in Icehogs zone.
8:05 of 1st period - Icing by Sam Bennett.
8:06 of 1st period - Sam Bennett wins face-off versus Tanner Richard in Devils zone.
8:17 of 1st period - Snap shot by Logan Shaw.
8:17 of 1st period - Shot Misses the Net.
8:19 of 1st period - Slapshot by Sven Baertschi.
8:19 of 1st period - Shot Blocked by Petter Granberg.
8:21 of 1st period - Snap shot by Sam Bennett.
8:21 of 1st period - Shot Misses the Net.
8:23 of 1st period - Snap shot by Logan Shaw.
8:23 of 1st period - Deflect By Sven Baertschi.
8:23 of 1st period - Shot Misses the Net.
8:23 of 1st period - Puck is out of play.
8:24 of 1st period - Alan Quine wins face-off versus Frederik Gauthier in Icehogs zone.
8:33 of 1st period - Minor Penalty to Craig Cunningham for Hooking.
8:34 of 1st period - Frederik Gauthier wins face-off versus Sam Bennett in Icehogs zone.
8:48 of 1st period - Snap shot by Tanner Richard.
8:48 of 1st period - Shot Misses the Net.
10:33 of 1st period - Penalty to Craig Cunningham is over, Craig Cunningham is back on ice.
12:00 of 1st period - Andrew Mangiapane is hit by Valeri Nichushkin.
13:08 of 1st period - Robbie Russo is hit by Patrick Sieloff and loses puck.
13:35 of 1st period - Slapshot by Christian Wolanin.
13:35 of 1st period - Shot Blocked by Duncan Siemens.
14:11 of 1st period - Snap shot by Frederik Gauthier.
14:11 of 1st period - Goal by Frederik Gauthier - Icehogs : 2 - Devils : 2.
14:12 of 1st period - Sam Bennett wins face-off versus Frederik Gauthier in neutral zone.
14:26 of 1st period - Snap shot by Logan Shaw.
14:26 of 1st period - Stopped by Joe Cannata without a rebound.
14:27 of 1st period - Alan Quine wins face-off versus Michael Chaput in Icehogs zone.
14:36 of 1st period - Snap shot by Joonas Donskoi.
14:36 of 1st period - Stopped by Joe Cannata without a rebound.
14:37 of 1st period - Alan Quine wins face-off versus Michael Chaput in Icehogs zone.
14:44 of 1st period - Wrist shot by Andrew Mangiapane.
14:44 of 1st period - Stopped by Calvin Pickard with a rebound.
14:50 of 1st period - Backhand shot by Curtis Lazar.
14:50 of 1st period - Stopped by Calvin Pickard without a rebound.
14:51 of 1st period - Sam Bennett wins face-off versus Frederik Gauthier in Devils zone.
15:12 of 1st period - Minor Penalty to Patrick Sieloff for Holding.
15:13 of 1st period - Sam Bennett wins face-off versus Frederik Gauthier in Icehogs zone.
15:16 of 1st period - Snap shot by Logan Shaw.
15:16 of 1st period - Stopped by Joe Cannata without a rebound.
15:17 of 1st period - Sam Bennett wins face-off versus Frederik Gauthier in Icehogs zone.
17:12 of 1st period - Penalty to Patrick Sieloff is over, Patrick Sieloff is back on ice.
18:28 of 1st period - Snap shot by Michael Chaput.
18:28 of 1st period - Stopped by Calvin Pickard with a rebound.
18:30 of 1st period - Slapshot by Julius Honka.
18:30 of 1st period - Stopped by Calvin Pickard without a rebound.
18:31 of 1st period - Alan Quine wins face-off versus Frederik Gauthier in Devils zone.
18:58 of 1st period - Mikhail Grigorenko is hit by Sven Baertschi and loses puck.
19:27 of 1st period - Slapshot by Mattias Janmark.
19:27 of 1st period - Stopped by Calvin Pickard without a rebound.
19:28 of 1st period - Frederik Gauthier wins face-off versus Sam Bennett in Devils zone.
19:29 of 1st period - Wrist shot by Craig Cunningham.
19:29 of 1st period - Shot Blocked by Sven Baertschi.
19:55 of 1st period - Ben Hutton is hit by Tanner Richard and loses puck.
Goals for this period are 2 for Icehogs vs 2 for Devils.
Shots for this period are 12 for Icehogs vs 14 for Devils.

2nd period


0:01 of 2nd period - Sam Bennett wins face-off versus Frederik Gauthier in neutral zone.
0:32 of 2nd period - Slapshot by Alan Quine.
0:32 of 2nd period - Stopped by Joe Cannata with a rebound.
0:37 of 2nd period - Minor Penalty to Andrew Mangiapane for Roughing.
0:38 of 2nd period - Frederik Gauthier wins face-off versus Sam Bennett in Icehogs zone.
0:44 of 2nd period - Wrist shot by Craig Cunningham.
0:44 of 2nd period - Stopped by Calvin Pickard with a rebound.
0:46 of 2nd period - Wrist shot by Craig Cunningham.
0:46 of 2nd period - Shot Misses the Net.
1:40 of 2nd period - Icing by Alan Quine.
1:41 of 2nd period - Sam Bennett wins face-off versus Michael Chaput in Devils zone.
1:43 of 2nd period - Icing by Sven Baertschi.
1:44 of 2nd period - Sam Bennett wins face-off versus Michael Chaput in Devils zone.
1:51 of 2nd period - Tanner Richard is hit by Logan Shaw and loses puck.
2:16 of 2nd period - Wrist shot by Valeri Nichushkin.
2:16 of 2nd period - Shot Misses the Net.
2:18 of 2nd period - Slapshot by Ben Hutton.
2:18 of 2nd period - Deflect By Alan Quine.
2:18 of 2nd period - Shot Blocked by Nick Mattson.
2:18 of 2nd period - Puck is out of play.
2:19 of 2nd period - Frederik Gauthier wins face-off versus Sam Bennett in Icehogs zone.
2:37 of 2nd period - Penalty to Andrew Mangiapane is over, Andrew Mangiapane is back on ice.
2:56 of 2nd period - Slapshot by Mattias Janmark.
2:56 of 2nd period - Deflect By Joonas Donskoi.
2:56 of 2nd period - Stopped by Calvin Pickard without a rebound.
2:57 of 2nd period - Frederik Gauthier wins face-off versus Sam Bennett in Devils zone.
3:24 of 2nd period - Curtis Lazar is hit by Alan Quine and loses puck.
3:42 of 2nd period - Off-side.
3:43 of 2nd period - Tanner Richard wins face-off versus Reid Boucher in neutral zone.
4:33 of 2nd period - Slapshot by Petter Granberg.
4:33 of 2nd period - Stopped by Calvin Pickard without a rebound.
4:34 of 2nd period - Dillon Dube wins face-off versus Alan Quine in Devils zone.
5:04 of 2nd period - Slapshot by Curtis Lazar.
5:04 of 2nd period - Shot Misses the Net.
5:06 of 2nd period - Slapshot by Curtis Lazar.
5:06 of 2nd period - Stopped by Calvin Pickard without a rebound.
5:07 of 2nd period - Sam Bennett wins face-off versus Michael Chaput in Devils zone.
5:16 of 2nd period - Wrist shot by Sven Baertschi.
5:16 of 2nd period - Stopped by Joe Cannata without a rebound.
5:17 of 2nd period - Frederik Gauthier wins face-off versus Sam Bennett in Icehogs zone.
5:24 of 2nd period - Slapshot by Frederik Gauthier.
5:24 of 2nd period - Stopped by Calvin Pickard without a rebound.
5:25 of 2nd period - Sam Bennett wins face-off versus Frederik Gauthier in Devils zone.
5:57 of 2nd period - Snap shot by Andrew Mangiapane.
5:57 of 2nd period - Stopped by Calvin Pickard without a rebound.
5:58 of 2nd period - Michael Chaput wins face-off versus Alan Quine in Devils zone.
6:11 of 2nd period - Snap shot by Curtis Lazar.
6:11 of 2nd period - Stopped by Calvin Pickard with a rebound.
6:50 of 2nd period - Wrist shot by Brett Seney.
6:50 of 2nd period - Shot Misses the Net.
6:52 of 2nd period - Slapshot by Ilya Lyubushkin.
6:52 of 2nd period - Deflect By Conor Garland.
6:52 of 2nd period - Shot Misses the Net.
6:52 of 2nd period - Puck is out of play.
6:53 of 2nd period - Alan Quine wins face-off versus Michael Chaput in Icehogs zone.
6:56 of 2nd period - Snap shot by Alan Quine.
6:56 of 2nd period - Stopped by Joe Cannata with a rebound.
7:18 of 2nd period - Mike Amadio is hit by Sven Baertschi and loses puck.
7:24 of 2nd period - Icing by Nick Mattson.
7:25 of 2nd period - Sam Bennett wins face-off versus Frederik Gauthier in Icehogs zone.
7:36 of 2nd period - Slapshot by Sam Bennett.
7:36 of 2nd period - Shot Misses the Net.
7:54 of 2nd period - Snap shot by Joonas Donskoi.
7:54 of 2nd period - Shot Misses the Net.
7:56 of 2nd period - Slapshot by Christian Wolanin.
7:56 of 2nd period - Stopped by Joe Cannata with a rebound.
8:12 of 2nd period - Snap shot by Tanner Richard.
8:12 of 2nd period - Goal by Tanner Richard - Icehogs : 3 - Devils : 2.
8:13 of 2nd period - Michael Chaput wins face-off versus Logan Shaw in neutral zone.
8:27 of 2nd period - Wrist shot by Logan Shaw.
8:27 of 2nd period - Deflect By Sam Bennett.
8:27 of 2nd period - Stopped by Joe Cannata with a rebound.
8:47 of 2nd period - Wrist shot by Michael Chaput.
8:47 of 2nd period - Stopped by Calvin Pickard with a rebound.
9:23 of 2nd period - Wrist shot by Curtis Lazar.
9:23 of 2nd period - Shot Misses the Net.
9:53 of 2nd period - Snap shot by Curtis Lazar.
9:53 of 2nd period - Shot Misses the Net.
9:55 of 2nd period - Snap shot by Curtis Lazar.
9:55 of 2nd period - Shot Blocked by Sam Bennett.
10:14 of 2nd period - Off-side.
10:15 of 2nd period - Frederik Gauthier wins face-off versus Alan Quine in neutral zone.
10:34 of 2nd period - Mike Reilly is hit by Ilya Lyubushkin and loses puck.
10:53 of 2nd period - Slapshot by Brett Seney.
10:53 of 2nd period - Deflect By Mike Reilly.
10:53 of 2nd period - Stopped by Joe Cannata without a rebound.
10:54 of 2nd period - Tanner Richard wins face-off versus Brett Howden in Icehogs zone.
13:08 of 2nd period - Nikita Scherbak is hit by Mason Marchment and loses puck.
14:55 of 2nd period - Snap shot by Jonny Brodzinski.
14:55 of 2nd period - Shot Blocked by Julius Honka.
14:57 of 2nd period - Slapshot by Darren Dietz.
14:57 of 2nd period - Shot Misses the Net.
15:28 of 2nd period - Slapshot by Curtis Lazar.
15:28 of 2nd period - Goal by Curtis Lazar - Icehogs : 4 - Devils : 2.
15:29 of 2nd period - Frederik Gauthier wins face-off versus Sam Bennett in neutral zone.
16:18 of 2nd period - Snap shot by Valeri Nichushkin.
16:18 of 2nd period - Stopped by Joe Cannata with a rebound.
16:22 of 2nd period - Snap shot by Conor Garland.
16:22 of 2nd period - Shot Misses the Net.
16:24 of 2nd period - Wrist shot by Reid Boucher.
16:24 of 2nd period - Shot Blocked by Patrick Sieloff.
16:26 of 2nd period - Slapshot by Brandon Carlo.
16:26 of 2nd period - Stopped by Joe Cannata without a rebound.
16:27 of 2nd period - Sam Bennett wins face-off versus Frederik Gauthier in Icehogs zone.
16:40 of 2nd period - Wrist shot by Logan Shaw.
16:40 of 2nd period - Stopped by Joe Cannata with a rebound.
17:33 of 2nd period - Slapshot by Logan Shaw.
17:33 of 2nd period - Deflect By Sam Bennett.
17:33 of 2nd period - Shot Blocked by Mike Reilly.
17:33 of 2nd period - Puck is out of play.
17:34 of 2nd period - Sam Bennett wins face-off versus Dillon Dube in Icehogs zone.
17:45 of 2nd period - Slapshot by Logan Shaw.
17:45 of 2nd period - Shot Misses the Net.
19:14 of 2nd period - Minor Penalty to Dillon Dube for High sticking.
19:15 of 2nd period - Frederik Gauthier wins face-off versus Sven Baertschi in Icehogs zone.
Goals for this period are 2 for Icehogs vs 0 for Devils.
Shots for this period are 10 for Icehogs vs 9 for Devils.

3rd period


0:01 of 3rd period - Sam Bennett wins face-off versus Frederik Gauthier in neutral zone.
0:14 of 3rd period - Wrist shot by Sven Baertschi.
0:14 of 3rd period - Shot Blocked by Nick Mattson.
1:14 of 3rd period - Penalty to Dillon Dube is over, Dillon Dube is back on ice.
1:28 of 3rd period - Slapshot by Mason Marchment.
1:28 of 3rd period - Shot Misses the Net.
1:34 of 3rd period - Wrist shot by Petter Granberg.
1:34 of 3rd period - Shot Misses the Net.
1:42 of 3rd period - Snap shot by Andrew Mangiapane.
1:42 of 3rd period - Goal by Andrew Mangiapane - Icehogs : 5 - Devils : 2.
1:42 of 3rd period - Juuse Saros enters game.
1:43 of 3rd period - Frederik Gauthier wins face-off versus Sam Bennett in neutral zone.
1:49 of 3rd period - Patrick Sieloff is hit by Sven Baertschi and loses puck.
1:56 of 3rd period - Wrist shot by Craig Cunningham.
1:56 of 3rd period - Shot Misses the Net.
2:11 of 3rd period - Minor Penalty to Joonas Donskoi for Tripping.
2:12 of 3rd period - Sam Bennett wins face-off versus Frederik Gauthier in Devils zone.
2:41 of 3rd period - Slapshot by Curtis Lazar.
2:41 of 3rd period - Stopped by Juuse Saros without a rebound.
2:42 of 3rd period - Sam Bennett wins face-off versus Michael Chaput in Devils zone.
2:57 of 3rd period - Wrist shot by Patrick Sieloff.
2:57 of 3rd period - Stopped by Juuse Saros without a rebound.
2:58 of 3rd period - Sam Bennett wins face-off versus Frederik Gauthier in Devils zone.
3:27 of 3rd period - Snap shot by Frederik Gauthier.
3:27 of 3rd period - Stopped by Juuse Saros without a rebound.
3:28 of 3rd period - Sam Bennett wins face-off versus Michael Chaput in Devils zone.
4:02 of 3rd period - Icing by Patrick Sieloff.
4:03 of 3rd period - Frederik Gauthier wins face-off versus Valeri Nichushkin in Icehogs zone.
4:11 of 3rd period - Penalty to Joonas Donskoi is over, Joonas Donskoi is back on ice.
4:20 of 3rd period - Ben Hutton is hit by Michael Chaput and loses puck.
4:31 of 3rd period - Wrist shot by Michael Chaput.
4:31 of 3rd period - Stopped by Juuse Saros with a rebound.
4:51 of 3rd period - Brett Howden is hit by Nick Mattson and loses puck.
5:02 of 3rd period - Snap shot by Mattias Janmark.
5:02 of 3rd period - Shot Misses the Net.
5:04 of 3rd period - Snap shot by Mattias Janmark.
5:04 of 3rd period - Shot Misses the Net.
5:12 of 3rd period - Slapshot by Mattias Janmark.
5:12 of 3rd period - Stopped by Juuse Saros with a rebound.
5:42 of 3rd period - Off-side.
5:43 of 3rd period - Reid Boucher wins face-off versus Michael Chaput in neutral zone.
6:00 of 3rd period - Andrew Mangiapane is hit by Robbie Russo and loses puck.
6:08 of 3rd period - Icing by Mike Reilly.
6:09 of 3rd period - Sam Bennett wins face-off versus Curtis Lazar in Icehogs zone.
6:14 of 3rd period - Wrist shot by Sam Bennett.
6:14 of 3rd period - Shot Misses the Net.
6:16 of 3rd period - Wrist shot by Logan Shaw.
6:16 of 3rd period - Shot Misses the Net.
6:24 of 3rd period - Slapshot by Sven Baertschi.
6:24 of 3rd period - Shot Misses the Net.
6:30 of 3rd period - Minor Penalty to Mike Reilly for Hooking.
6:31 of 3rd period - Sam Bennett wins face-off versus Frederik Gauthier in Icehogs zone.
6:32 of 3rd period - Snap shot by Logan Shaw.
6:32 of 3rd period - Stopped by Joe Cannata without a rebound.
6:33 of 3rd period - Frederik Gauthier wins face-off versus Sam Bennett in Icehogs zone.
7:06 of 3rd period - Snap shot by Darren Dietz.
7:06 of 3rd period - Goal by Darren Dietz - Icehogs : 5 - Devils : 3.
7:07 of 3rd period - Sam Bennett wins face-off versus Frederik Gauthier in neutral zone.
7:17 of 3rd period - Minor Penalty to Craig Cunningham for Hooking.
7:18 of 3rd period - Frederik Gauthier wins face-off versus Logan Shaw in Icehogs zone.
7:33 of 3rd period - Icing by Ben Hutton.
7:34 of 3rd period - Frederik Gauthier wins face-off versus Sam Bennett in Devils zone.
7:59 of 3rd period - Double Minor Penalty to Petter Granberg for Roughing.
8:00 of 3rd period - Sam Bennett wins face-off versus Frederik Gauthier in Icehogs zone.
8:00 of 3rd period - Wrist shot by Sven Baertschi.
8:00 of 3rd period - Stopped by Joe Cannata with a rebound.
9:16 of 3rd period - Tanner Richard is hit by Logan Shaw and loses puck.
9:17 of 3rd period - Penalty to Craig Cunningham is over, Craig Cunningham is back on ice.
10:21 of 3rd period - Michael Chaput is hit by Ilya Lyubushkin and loses puck.
11:10 of 3rd period - Julius Honka is hit by Sam Bennett and loses puck.
11:59 of 3rd period - Penalty to Petter Granberg is over, Petter Granberg is back on ice.
12:01 of 3rd period - Darren Dietz is hit by Nick Mattson and loses puck.
14:01 of 3rd period - Sam Bennett is hit by Nikita Scherbak.
14:17 of 3rd period - Vincent Desharnais is hit by Mikhail Grigorenko and loses puck.
14:57 of 3rd period - Sven Baertschi is hit by Kevin Fiala and loses puck.
15:08 of 3rd period - Joonas Donskoi is hit by Curtis Lazar and loses puck.
15:29 of 3rd period - Wrist shot by Craig Cunningham.
15:29 of 3rd period - Stopped by Juuse Saros with a rebound.
15:45 of 3rd period - Mason Marchment is hit by Michael Chaput and loses puck.
16:33 of 3rd period - Icing by Joonas Donskoi.
16:34 of 3rd period - Kevin Fiala wins face-off versus Sam Bennett in Devils zone.
16:35 of 3rd period - Snap shot by Frederik Gauthier.
16:35 of 3rd period - Stopped by Juuse Saros without a rebound.
16:36 of 3rd period - Sam Bennett wins face-off versus Frederik Gauthier in Devils zone.
16:43 of 3rd period - Sven Baertschi is hit by Craig Cunningham and loses puck.
17:30 of 3rd period - Conor Garland is hit by Duncan Siemens.
17:31 of 3rd period - Icing by Conor Garland.
17:32 of 3rd period - Reid Boucher wins face-off versus Kevin Fiala in Devils zone.
17:57 of 3rd period - Nick Mattson is hit by Darren Dietz and loses puck.
18:22 of 3rd period - Wrist shot by Logan Shaw.
18:22 of 3rd period - Shot Blocked by Mike Reilly.
18:50 of 3rd period - Slapshot by Patrick Sieloff.
18:50 of 3rd period - Deflect By Jake Bean.
18:50 of 3rd period - Stopped by Juuse Saros with a rebound.
19:32 of 3rd period - Julius Honka is hit by Valeri Nichushkin and loses puck.
19:49 of 3rd period - Ben Hutton is hit by Craig Cunningham.
Goals for this period are 1 for Icehogs vs 1 for Devils.
Shots for this period are 9 for Icehogs vs 3 for Devils.